 Dungeon Crawl Stone Soup version 0.25-a0-667-gb977e01cb5 (webtiles) character file.

Game seed: 7939020988372673460, levelgen mode: deterministic

65557 kae the Devastator (level 15, 0/92 HPs)
             Began as a Tengu Air Elementalist on Mar 27, 2020.
             Was a High Priest of Vehumet.
             Slain by an orc warrior
             ... wielding a +0 trident
             ... led by an orc warlord
              (33 damage)
             ... on level 1 of the Orcish Mines.
             The game lasted 00:44:29 (31837 turns).

kae the Devastator (Tengu Air Elementalist)        Turns: 31837, Time: 00:44:29

Health: 0/92       AC:  8    Str:  9    XL:     15   Next: 16%
Magic:  41/44      EV: 24    Int: 28    God:    Vehumet [*****.]
Gold:   1425       SH:  5    Dex: 13    Spells: 14/32 levels left

rFire    + + +     SeeInvis .   v - staff of power
rCold    x . .     Gourm    .   m - +0 buckler of Coronation {rPois rF+ Dex-2 Stlth+}
rNeg     . . .     Faith    .   D - +1 leather armour of Hide-and-Seek {rF+++ rC- Int+7}
rPois    +         Spirit   .   Q - +0 hat {MR+}
rElec    .         Reflect  .   H - +2 cloak
rCorr    .         Harm     .   C - +0 pair of gloves
MR       ++...                  (boots unavailable)
Stlth    +++.......             t - amulet of regeneration
HPRegen  0.65/turn              q - +4 ring of evasion
MPRegen  0.29/turn              i - ring of protection from fire

@: flying quickly and evasively, studying Fire Magic, quick
A: beak, talons 3, able to fly
a: Stop Flying, Renounce Religion


You were on level 1 of the Orcish Mines.
You worshipped Vehumet.
Vehumet was extremely pleased with you.
You were not hungry.

You visited 4 branches of the dungeon, and saw 20 of its levels.
You also visited: Bailey.

You collected 1425 gold pieces.

Inventory:

Hand Weapons
 g - a +5 whip
Armour
 m - the +0 buckler of Coronation (worn) {rPois rF+ Dex-2 Stlth+}
   (You found it on level 6 of the Dungeon)

   It affects your dexterity (-2).
   It protects you from fire.
   It protects you from poison.
   It makes you more stealthy.
 s - +1 steam dragon scales
 C - a +0 pair of gloves (worn)
 D - the +1 leather armour of Hide-and-Seek (worn) {rF+++ rC- Int+7}
   (You found it on level 3 of the Lair of Beasts)

   It affects your intelligence (+7).
   It renders you almost immune to fire.
   It makes you vulnerable to cold.
 H - a +2 cloak (worn)
 J - +0 swamp dragon scales
 Q - a +0 hat of magic resistance (worn)
Magical Staves
 v - an uncursed staff of power (weapon)
 w - an uncursed staff of poison
 B - an uncursed staff of energy
Jewellery
 a - an uncursed amulet of the gourmand
 i - a ring of protection from fire (right hand)
 j - a +3 ring of evasion
 q - a +4 ring of evasion (left hand)
 t - an amulet of regeneration (around neck)
 y - a +4 amulet of reflection
 z - an uncursed amulet of faith
 G - a +3 ring of strength
 M - a +3 ring of dexterity
 R - an uncursed amulet of guardian spirit
 T - an uncursed ring of positive energy
Wands
 d - a wand of polymorph (29)
 x - a wand of digging (12)
 E - a wand of paralysis (12)
 I - a wand of iceblast (21)
 K - a wand of disintegration (10)
 L - a wand of flame (33)
 O - a wand of acid (2)
Scrolls
 b - 4 scrolls of amnesia
 e - 4 scrolls of teleportation
 p - 2 scrolls of remove curse
 r - 4 scrolls of fog
 N - a scroll of identify
 S - a scroll of magic mapping
Potions
 f - 2 potions of cancellation
 k - 2 potions of stabbing
 l - 5 potions of lignification
 n - 2 potions of invisibility
 o - 7 potions of curing
 u - 8 potions of mutation
 A - 2 potions of ambrosia
 F - a potion of brilliance
Books
 P - a manual of Fire Magic
Comestibles
 c - 29 rations
 h - 3 chunks of flesh


   Skills:
 - Level 10.1 Fighting
 - Level 10.0 Dodging
 - Level 2.0 Stealth
 - Level 4.0 Shields
 - Level 9.0 Spellcasting
 - Level 15.0 Conjurations
 - Level 15.0 Air Magic
 + Level 12.1 Evocations


You had 14 spell levels left.
You knew the following spells:

 Your Spells              Type           Power        Failure   Level  Hunger
a - Shock                 Conj/Air       ####         0%          1    None
b - Static Discharge      Conj/Air       #######.     1%          3    None
c - Airstrike             Air            #######...   1%          4    None
d - Lightning Bolt        Conj/Air       #######...   1%          5    ####...
e - Swiftness             Chrm/Air       ######..     1%          2    None
f - Frozen Ramparts       Ice            ##....       5%          3    None

Your spell library contained the following spells:

 Spells                   Type           Power        Failure   Level  Hunger
 Starburst                Conj/Fire      ######....   12%         6    #####..
 Animate Skeleton         Necr           N/A          6%          1    None
 Beastly Appendage        Tmut           ##....       6%          1    None
 Pain                     Necr           ##..         6%          1    None
 Sticks to Snakes         Tmut           ##......     10%         2    None
 Confusing Touch          Hex            ##......     19%         3    None
 Gell's Gravitas          Tloc           ##........   19%         3    None
 Spider Form              Tmut/Pois      ##........   19%         3    None
 Vampiric Draining        Necr           ##........   19%         3    None
 Yara's Violent Unravell  Hex/Tmut       ##........   38%         5    ####...
 Animate Dead             Necr           N/A          52%         4    None
 Ice Form                 Ice/Tmut       ##......     52%         4    None
 Petrify                  Tmut/Erth      ##......     52%         4    None
 Agony                    Necr           ##......     86%         5    ####...
 Blade Hands              Tmut           ##........   86%         5    ####...
 Metabolic Englaciation   Hex/Ice        ##........   86%         5    ####...
 Tornado                  Air            #######...   95%         9    #######
 Ignition                 Fire           ##........   100%        8    #######
 Shatter                  Erth           ##........   100%        9    #######


Dungeon Overview and Level Annotations

Branches:
Dungeon (12/15)            Temple (1/1) D:7            Lair (6/6) D:11
  Swamp (0/4) Lair:2       Spider (0/4) Lair:4        Slime (0/5) Lair:6
    Orc (1/2) D:12         Bailey (visited)

Altars:
Ashenzari
Cheibriados
Dithmenos
Elyvilon
Fedhas
Gozag
Hepliaklqana
Kikubaaqudgha
Makhleb
Nemelex Xobeh
Okawaru
Qazlal
Ru
Sif Muna
Trog
Uskayaw
Vehumet
Wu Jian
Xom
Yredelemnul
Zin
The Shining One
Jiyva

Shops:
D:6 (   D:10 *

Annotations:
Lair:5 3 runed translucent doors, Zorot's ghost, journeyman VSGl


Innate Abilities, Weirdness & Mutations

You have a beak for a mouth.
You have claws for feet.
You can fly continuously.


Message History

You kill the orc wizard!
Vehumet accepts your kill.
You feel your power returning.
The warg is struck by an arc of lightning!
The warg is heavily wounded.
You are struck by an arc of lightning.
The lightning grounds out.
The warg is struck by an arc of lightning!!
You kill the warg!
Vehumet accepts your kill.
You feel your power returning.
The lightning grounds out.
The orc warrior hits you from afar with a +0 halberd!
You block the orc's attack.
The orc warrior hits you from afar with a +0 trident!
The orc knight roars a battlecry!
The orcs go into a battle-frenzy!
You block the orc's attack.
The orc warrior hits you from afar with a +0 halberd!!
You block the orc's attack.
The orc warrior hits you from afar with a +0 trident!!
You die...

....# .....##
.......##
.#.o....#
#.......####
.....o.....##
......o..(..#
#....o)@...#
....ho†........
..$.oo........#
............###
...........##
.....>....##
..........#
.........#.


You could see an orc knight, a warg, 2 orc warriors, an orc priest, an orc
wizard and 2 orcs.

Vanquished Creatures
  Gastronok (D:8)
  An orc warlord (D:12)
  2 entropy weavers (Lair:5)
  Azrael (D:12)
  Snorg (D:11)
  8 hydras
  A catoblepas (Lair:3)
  A two-headed ogre (D:8)
  A merfolk avatar (Lair:6)
  Erica (Lair:2)
  A queen ant (Lair:5)
  The ghost of zikan the Destroyer, a novice DrCj of Vehumet (D:8)
  4 death yaks
  Nergalle (D:11)
  2 sea snakes (Lair:6)
  A swamp dragon (Lair:2)
  A harpy (Lair:6)
  2 orc knights (Bailey)
  An orc sorcerer (Bailey)
  2 oklob plants
  2 manticores
  13 elephants
  2 centaur zombies (D:12)
  3 black mambas
  Maggie (D:7)
  16 komodo dragons
  11 spiny frogs
  4 rime drakes
  A kobold demonologist (Bailey)
  A harpy zombie (D:11)
  6 trolls
  A tengu conjurer (D:12)
  6 polar bears
  A hornet (Lair:6)
  7 hippogriffs
  4 slime creatures (D:12)
  6 dream sheep (Lair:4)
  A wraith (D:12)
  A redback (Lair:4)
  26 yaks
  5 fire elementals (D:12)
  2 wyverns
  5 basilisks
  Menkaure (D:4)
  15 soldier ants
  4 wargs
  An acid dragon (D:11)
  6 porcupines
  2 hell hounds (D:12)
  16 water moccasins
  A black bear (D:12)
  16 orc warriors
  3 ice beasts
  A sky beast (D:8)
  A phantom (D:5)
  9 ogres
  5 centaurs
  11 wolves
  15 crocodiles
  A big kobold (D:10)
  18 bullfrogs
  A wyvern zombie (D:9)
  A water moccasin skeleton (D:11)
  7 scorpions
  6 killer bees (D:11)
  4 wights (D:6)
  8 electric eels
  A vampire bat (Lair:1)
  A howler monkey (D:12)
  4 crimson imps
  A bullfrog zombie (D:12)
  A quasit (D:9)
  7 orc priests
  3 bullfrog skeletons
  11 hounds
  8 jellies
  14 orc wizards
  Crazy Yiuf (D:7)
  3 centaur skeletons
  A gnoll shaman (D:8)
  3 iguanas
  Terence (D:3)
  32 worker ants
  A hound zombie (D:9)
  2 hound skeletons
  A mummy (D:6)
  A worker ant zombie (D:9)
  2 howler monkey zombies
  19 adders
  20 gnolls
  3 shadow imps
  3 oozes
  An adder zombie (D:9)
  An adder skeleton (D:4)
  5 dart slugs
  2 leopard geckos
  70 orcs
  6 giant cockroaches
  18 goblins
  13 hobgoblins
  8 jackals
  2 quokkas
  A ball python skeleton (D:6)
  9 bats
  8 frilled lizards
  A giant cockroach zombie (D:5)
  A hobgoblin zombie (D:6)
  13 kobolds
  2 kobold zombies (D:6)
  A leopard gecko skeleton (D:7)
  An orc zombie (D:6)
  2 quokka skeletons
  10 rats
  A butterfly (Lair:5)
  2 fungi
  3 plants
637 creatures vanquished.

Vanquished Creatures (others)
  A centaur zombie (D:12)
  A slime creature (D:12)
  A bullfrog zombie (D:12)
  An iguana (Lair:2)
  15 fungi
  14 plants
33 creatures vanquished.

Grand Total: 670 creatures vanquished

Notes
Turn   | Place    | Note
-------+----------+-------------------------------------------
     0 | D:1      | kae the Tengu Air Elementalist began the quest for the Orb.
     0 | D:1      | Reached XP level 1. HP: 10/10 MP: 4/4
   506 | D:1      | Reached XP level 2. HP: 15/15 MP: 3/6
   948 | D:1      | Reached XP level 3. HP: 16/19 MP: 2/7
  1615 | D:2      | Reached XP level 4. HP: 23/24 MP: 3/8
  2541 | D:3      | Noticed Terence
  2547 | D:3      | Learned a level 3 spell: Static Discharge
  2552 | D:3      | Learned a level 4 spell: Airstrike
  2559 | D:3      | Killed Terence
  2559 | D:3      | Reached skill level 5 in Air Magic
  2559 | D:3      | Gained mutation: You can fly continuously. [Tengu growth]
  2559 | D:3      | Reached XP level 5. HP: 28/28 MP: 2/10
  3602 | D:4      | Found a shadowy altar of Dithmenos.
  3624 | D:4      | Reached skill level 5 in Conjurations
  4237 | D:4      | Noticed Menkaure
  4307 | D:4      | Reached XP level 6. HP: 20/32 MP: 2/11
  4614 | D:4      | Learned a level 2 spell: Swiftness
  4637 | D:5      | Entered Level 5 of the Dungeon
  5170 | D:5      | Reached XP level 7. HP: 36/36 MP: 7/13
  5377 | D:5      | Found a hazy altar of Hepliaklqana.
  6051 | D:4      | Killed Menkaure
  6051 | D:4      | Reached XP level 8. HP: 41/41 MP: 6/15
  6175 | D:4      | HP: 2/41 [poisoned by a worker ant]
  6183 | D:4      | HP: 2/41 [poisoned by a worker ant]
  6497 | D:4      | Found a shimmering blue altar of Sif Muna.
  6946 | D:6      | Reached skill level 5 in Spellcasting
  7033 | D:6      | Found a shattered altar of Ashenzari.
  7301 | D:6      | Reached skill level 10 in Conjurations
  7311 | D:6      | Reached XP level 9. HP: 45/45 MP: 13/18
  7637 | D:6      | Got an encrusted buckler
  7639 | D:6      | Found Pihemow's Weapon Shoppe.
  7864 | D:6      | Identified the cursed +0 buckler of Coronation {rPois rF+
                  | Dex-2 Stlth+} (You found it on level 6 of the Dungeon)
  8018 | D:7      | Found an ornate altar of the Wu Jian Council.
  8021 | D:7      | Found a sparkling altar of Nemelex Xobeh.
  8190 | D:7      | Found a glowing silver altar of Zin.
  8190 | D:7      | Noticed Maggie
  8267 | D:7      | Found a staircase to the Ecumenical Temple.
  8286 | Temple   | Entered the Ecumenical Temple
  8454 | Temple   | Became a worshipper of Vehumet
  8495 | D:7      | Found a runed translucent door.
  8496 | D:7      | Noticed Crazy Yiuf
  8612 | D:7      | Killed Maggie
  8882 | D:7      | Learned a level 5 spell: Lightning Bolt
  8968 | D:8      | Noticed a two-headed ogre
  9422 | D:8      | Noticed zikan's ghost (novice DrCj)
  9423 | D:8      | Found a runed translucent door.
  9544 | D:8      | Killed a two-headed ogre
  9544 | D:8      | Reached skill level 10 in Air Magic
  9544 | D:8      | Reached XP level 10. HP: 50/50 MP: 1/21
  9729 | D:8      | Noticed Gastronok
 10642 | D:9      | Found a flagged portal.
 10654 | D:9      | Reached * piety under Vehumet
 10654 | D:9      | Offered knowledge of Freeze by Vehumet.
 10712 | Bailey   | Entered a bailey
 11341 | Bailey   | Noticed an orc knight
 11358 | Bailey   | Noticed a kobold demonologist
 11360 | Bailey   | Noticed an orc sorcerer
 11381 | Bailey   | Killed a kobold demonologist
 11513 | Bailey   | Noticed an orange demon
 11515 | Bailey   | Killed an orc sorcerer
 11865 | Bailey   | Found an iron altar of Okawaru.
 12098 | Bailey   | Noticed an orc knight
 12116 | Bailey   | Killed an orc knight
 12261 | Bailey   | Killed an orc knight
 12261 | Bailey   | Reached XP level 11. HP: 54/54 MP: 14/23
 12673 | D:9      | Offered knowledge of Foxfire by Vehumet.
 12747 | D:9      | Reached ** piety under Vehumet
 13490 | D:9      | Identified the +4 shortbow of Valiance {speed, Int+8} (You
                  | acquired it on level 9 of the Dungeon)
 13490 | D:9      | Identified Toifyan's Catalogue of the Nocuous Voyage (You
                  | acquired it on level 9 of the Dungeon)
 13567 | D:10     | Entered Level 10 of the Dungeon
 13869 | D:10     | Reached skill level 15 in Conjurations
 13974 | D:10     | Reached skill level 1 in Shields
 14393 | D:10     | Offered knowledge of Frozen Ramparts by Vehumet.
 14446 | D:10     | Learned a level 3 spell: Frozen Ramparts
 14484 | D:10     | Found Ownifaek's Assorted Antiques.
 14968 | D:11     | Reached *** piety under Vehumet
 15379 | D:11     | Noticed Nergalle
 15384 | D:11     | Killed Nergalle
 15384 | D:11     | Offered knowledge of Dazzling Flash by Vehumet.
 15509 | D:11     | Noticed Snorg
 16041 | D:11     | Found a staircase to the Lair.
 16055 | D:11     | Killed Snorg
 16055 | D:11     | Reached XP level 12. HP: 59/59 MP: 2/26
 16287 | Lair:1   | Entered Level 1 of the Lair of Beasts
 17489 | Lair:1   | Reached **** piety under Vehumet
 17822 | Lair:2   | Reached skill level 15 in Air Magic
 17829 | Lair:2   | Offered knowledge of Irradiate by Vehumet.
 17926 | Lair:2   | Reached skill level 1 in Fighting
 18119 | Lair:2   | Noticed Erica
 18859 | Lair:2   | Found a staircase to the Swamp.
 19089 | Lair:2   | Reached skill level 5 in Dodging
 19326 | Lair:2   | Killed Erica
 20010 | Lair:3   | Noticed an eight-headed hydra
 20021 | Lair:3   | Killed an eight-headed hydra
 20021 | Lair:3   | Reached skill level 5 in Fighting
 20160 | Lair:3   | Got a dazzling leather armour
 20321 | Lair:3   | Identified the +1 leather armour of Hide-and-Seek {rF+++
                  | rC- Int+7} (You found it on level 3 of the Lair of Beasts)
 20453 | Lair:3   | Reached XP level 13. HP: 66/74 MP: 27/27
 21836 | Lair:4   | Reached ***** piety under Vehumet
 21840 | Lair:4   | Offered knowledge of Iskenderun's Battlesphere by Vehumet.
 22650 | Lair:4   | Found a hole to the Spider Nest.
 22790 | Lair:4   | You are sucked into a shaft and drop 1 floor!
 23114 | Lair:5   | You are sucked into a shaft and drop 1 floor!
 23114 | Lair:6   | Entered Level 6 of the Lair of Beasts
 23605 | Lair:5   | Noticed Zorot's ghost (journeyman VSGl)
 23640 | Lair:5   | Reached skill level 10 in Dodging
 23842 | Lair:5   | Found a runed translucent gate.
 23842 | Lair:5   | Found a runed translucent gate.
 23844 | Lair:5   | Found a runed translucent gate.
 24264 | Lair:5   | Noticed an entropy weaver
 24331 | Lair:5   | Killed an entropy weaver
 24331 | Lair:5   | Reached skill level 10 in Fighting
 24429 | Lair:5   | Reached skill level 1 in Evocations
 24570 | Lair:5   | Reached XP level 14. HP: 88/88 MP: 24/28
 24616 | Lair:5   | Noticed an entropy weaver
 24622 | Lair:5   | Killed an entropy weaver
 25297 | Lair:5   | Reached skill level 5 in Evocations
 25694 | Lair:6   | Offered knowledge of Fireball by Vehumet.
 27117 | Lair:6   | Found a viscous altar of Jiyva.
 27118 | Lair:6   | Found a staircase to the Slime Pits.
 28326 | Lair:6   | Found a viscous altar of Jiyva.
 28329 | Lair:6   | Found a staircase to the Slime Pits.
 29122 | D:7      | Killed Crazy Yiuf
 29211 | D:8      | Killed zikan's ghost
 29211 | D:8      | Reached skill level 10 in Evocations
 29283 | D:8      | Killed Gastronok
 30011 | D:12     | Noticed Azrael
 30462 | D:12     | Reached XP level 15. HP: 92/92 MP: 29/29
 30516 | D:12     | Found a staircase to the Orcish Mines.
 30528 | D:12     | Offered knowledge of Starburst by Vehumet.
 31236 | D:12     | Killed Azrael
 31422 | Orc:1    | Entered Level 1 of the Orcish Mines
 31424 | Orc:1    | Noticed an orc warlord
 31436 | D:12     | HP: 1/92 [troll[an orc warlord] (6)]
 31588 | D:12     | HP: 4/92 [orc warlord/+0 broad axe (7)]
 31711 | D:12     | Killed an orc warlord
 31837 | Orc:1    | Slain by an orc warrior

Levels and vault maps discovered:
D:1:      kennysheep_arrival_forest, layout_loops_cross
D:2:      minmay_recursive_quarters, layout_rooms, first_ration
D:3:      layout_basic, uniq_terence
D:4:      layout_basic, nicolae_dithmenos_the_darkroom,
          lemuel_coloured_pillars_altar, uniq_menkaure
D:5:      layout_loops_corners, nicolae_overflow_crystal_walls
D:6:      layout_basic, serial_shops, shop, basic_altar, portal_sewer_entry_e,
          minmay_mini_ossuary
D:7:      layout_rooms, lemuel_doored_altar, zin_academy, kennysheep_mini,
          temple_doors_e, uniq_maggie, uniq_crazy_yiuf_cottage
D:8:      layout_cave_pools, hellmonk_ghost_happy_afterlife, uniq_gastronok
D:9:      layout_cave_pools, enter_bailey_6
D:10:     layout_loops_corners, serial_shops, shop
D:11:     layout_cave_pools, lair_entry_dummy, uniq_nergalle, uniq_snorg
D:12:     layout_irregular_city, hiddenorc2_lemuel, serial_column_ruins,
          column_ruins_corridor_T, column_ruins_columns_straight,
          column_ruins_open_small, column_ruins_columns_corner,
          column_ruins_open_large, grunt_tengu_nest,
          minmay_misc_feat_four_crosses, abandoned_shop, uniq_azrael
Temple:   eino_temple_scatter_basement
Lair:1:   statuecave_lemuel, layout_long_grid, roderic_batcave,
          minmay_lair_oklob_bushes, serial_bayou_shore_a
Lair:2:   layout_long_grid, minmay_swamp_entry_reptiles, minivault_24,
          serial_bayou_pond_a, lemuel_fruit_fields, infiniplex_staircase_pool,
          uniq_erica
Lair:3:   layout_concentric_octagons, hangedman_lair_generics_rect
Lair:4:   layout_cave_pods, spider_nest_entry_a, grunt_megastairs_2,
          lemuel_fruit_tree
Lair:5:   layout_cave_shapes, gammafunk_ghost_split, zaba_antful_of_joy,
          lemuel_fruit_fields
Lair:6:   gammafunk_lair_ancient_temple, layout_cave_pods, slime_altar_1
Orc:1:    layout_caves, serial_shops, shop

Skill      XL: |  1  2  3  4  5  6  7  8  9 10 11 12 13 14 15 |
---------------+----------------------------------------------+-----
Conjurations   | 2 3 4 5 6 8 10 12 14 15 | 15.0
Air Magic      | 5 6 7 8 10 11 13 15 | 15.0
Spellcasting   | 3 4 5 6 7 9 |  9.0
Shields        | 4 |  4.0
Fighting       | 5 10 | 10.1
Dodging        | 6 10 | 10.0
Evocations     | 2 11 12 | 12.1
Stealth        | |  2.0

Action                   |  1- 3 |  4- 6 |  7- 9 | 10-12 | 13-15 || total
-------------------------+-------+-------+-------+-------+-------++-------
Melee: Unarmed           |    11 |       |       |       |       ||    11
       Kick              |     4 |    15 |    22 |    42 |    43 ||   126
       Whip              |    18 |    50 |    80 |    79 |       ||   227
       Peck              |     3 |     4 |    12 |    26 |    34 ||    79
       Staff             |       |       |       |   107 |   191 ||   298
 Cast: Shock             |    70 |   116 |   244 |   429 |   197 ||  1056
       Static Discharge  |       |     3 |     6 |    47 |   148 ||   204
       Airstrike         |       |       |    11 |   194 |   356 ||   561
       Lightning Bolt    |       |       |       |    12 |    12 ||    24
       Swiftness         |       |       |       |     1 |     4 ||     5
       Frozen Ramparts   |       |       |       |       |     3 ||     3
 Abil: Fly               |       |     1 |       |       |       ||     1
Evoke: Wand              |       |       |       |       |     2 ||     2
  Use: Scroll            |       |    16 |     6 |    10 |    11 ||    43
       Potion            |       |       |       |     1 |     5 ||     6
 Stab: Sleeping          |       |     3 |     2 |     2 |     2 ||     9
  Eat: Chunk             |     2 |     8 |     8 |    36 |    24 ||    78
       Ration            |       |     1 |     2 |     2 |     4 ||     9
Armor: Robe              |    16 |    16 |    12 |       |       ||    44
       Steam dragon scal |       |       |     4 |    38 |       ||    42
       Leather armour    |       |       |       |       |    61 ||    61
Dodge: Dodged            |    30 |    73 |   137 |   369 |   684 ||  1293
Block: Buckler           |       |       |     5 |    78 |   134 ||   217

Table legend:
 A = Non-vault XP
 B = Vault XP
 C = Vault XP percentage of total XP
 D = Non-vault monster count
 E = Vault monster count
 F = Vault count percentage of total count
                 A         B        C        D         E       F
            +---------+---------+-------+---------+---------+-------
      Total |   57880 |   35773 |  38.2 |     446 |     187 |  29.5
            +---------+---------+-------+---------+---------+-------
        D:1 |      63 |       0 |   0.0 |      35 |       0 |   0.0
        D:2 |      45 |      31 |  40.8 |      18 |       9 |  33.3
        D:3 |      21 |      36 |  63.2 |       5 |       1 |  16.7
        D:4 |     291 |     169 |  36.7 |      19 |       1 |   5.0
        D:5 |     866 |       0 |   0.0 |      24 |       0 |   0.0
        D:6 |    1076 |      22 |   2.0 |      29 |       5 |  14.7
        D:7 |     554 |     459 |  45.3 |      11 |       2 |  15.4
        D:8 |    2336 |    2953 |  55.8 |      31 |       2 |   6.1
        D:9 |    1376 |       0 |   0.0 |      23 |       0 |   0.0
       D:10 |    2661 |       0 |   0.0 |      33 |       0 |   0.0
       D:11 |    3495 |    1897 |  35.2 |      34 |       2 |   5.6
       D:12 |    8169 |    3256 |  28.5 |      50 |      40 |  44.4
     Lair:1 |    3008 |     606 |  16.8 |      18 |       7 |  28.0
     Lair:2 |    4390 |    2637 |  37.5 |      18 |       6 |  25.0
     Lair:3 |    3926 |    2270 |  36.6 |      14 |       5 |  26.3
     Lair:4 |    5866 |     461 |   7.3 |      28 |       3 |   9.7
     Lair:5 |   10315 |    6359 |  38.1 |      34 |      34 |  50.0
     Lair:6 |    8780 |   10964 |  55.5 |      16 |      26 |  61.9
      Orc:1 |     642 |       0 |   0.0 |       6 |       0 |   0.0
     Bailey |       0 |    3653 | 100.0 |       0 |      44 | 100.0
            +---------+---------+-------+---------+---------+-------
